 Seeded DCSS version 0.31-a0-507-gbafd7f5274 (webtiles) character file.

Game seed: 7415222406553760909 (custom seed)

2538 innerfire43 the Changeling (level 9, -2/91 HPs)
             Began as a Demonspawn Shapeshifter on Aug 8, 2023.
             Was a Believer of Dithmenos.
             Slain by a water moccasin (5 damage)
             ... on level 7 of the Dungeon on Aug 9, 2023.
             The game lasted 00:12:48 (5380 turns).

innerfire43 the Changeling (DsSh)                   Turns: 5380, Time: 00:12:49

Health: -2/91      AC: 24    Str: 19    XL:     9   Next: 30%
Magic:  11/11      EV:  2    Int:  9    God:    Dithmenos [**....]
Gold:   322        SH:  0    Dex: 15    Spells: 9/11 levels left

rFire   . .          .
                       - Unarmed
rCold   . . .        (no shield)
rNeg    . . .        F - melded +0 steam dragon scales
rPois   +            o - melded +0 helmet
rElec   .            r - melded +2 cloak
rCorr   .            (gloves currently unavailable)
SInv    .            (boots currently unavailable)
Will    .....        a - amulet of faith
Stlth   ++++         e - ring of wizardry
HPRegen 0.35/turn    i - ring of wizardry
MPRegen 0.12/turn

%: faith, wizardry (x2)
@: mighty, lethally poisoned (-2 -> -9), tree-form, wreathed by umbra
A: stationary, stasis, torment immunity, boosted hp, (claws 1), (spiny 2),
(sanguine armour 1)
a: Renounce Religion, Shadow Step


You were on level 7 of the Dungeon.
You worshipped Dithmenos.
Dithmenos was pleased with you.
You were a tree.
You visited 1 branch of the dungeon, and saw 7 of its levels.

You collected 322 gold pieces.

Inventory:

Armour
 n - a +1 pair of gloves
 o - a +0 helmet (melded)
 r - a +2 cloak (melded)
 B - a +1 robe of resistance
 F - +0 steam dragon scales (melded)
Jewellery
 a - an amulet of faith (around neck)
 e - a ring of wizardry (left branch)
 g - a ring of positive energy
 i - a ring of wizardry (right branch)
 p - a ring of poison resistance
 H - an amulet of magic regeneration
 J - a ring of see invisible
Talismans
 c - a beast talisman
 d - a flux talisman
 K - a blade talisman
Wands
 A - a wand of polymorph (15)
 C - a wand of flame (9)
 E - a wand of acid (10)
 G - a wand of digging (1)
Scrolls
 f - 3 scrolls of vulnerability {unknown}
 h - 3 scrolls of teleportation {unknown}
 j - 10 scrolls of identify {unknown}
 k - a scroll of poison {unknown}
 m - a scroll of immolation {unknown}
 q - 5 scrolls of fog {unknown}
 t - 3 scrolls of noise {unknown}
 v - 2 scrolls of blinking {unknown}
 w - 2 scrolls of fear {unknown}
 y - a scroll of enchant armour {unknown}
 z - a scroll of silence {unknown}
 I - a scroll of torment {unknown}
Potions
 b - a potion of lignification
 l - a potion of mutation {unknown}
 s - a potion of brilliance {unknown}
 u - 2 potions of might
 x - 2 potions of cancellation {unknown}
 D - a potion of degeneration {unknown}


   Skills:
 + Level 2.3 Fighting
 + Level 2.2 Armour
 - Level 1.7 Dodging
 + Level 6.0 Stealth
 + Level 3.7 Unarmed Combat
 + Level 1.5 Spellcasting
 + Level 1.6 Transmutations
 * Level 7.9 Shapeshifting


You had 9 spell levels left.
You knew the following spells:

 Your Spells              Type           Power      Damage    Failure   Level
a - Wereblood             Tmut           3%         N/A       8%          2

Your spell library contained the following spells:

 Spells                   Type           Power      Damage    Failure   Level
 Freeze                   Ice            0%         1d3       10%         1
 Frozen Ramparts          Ice            0%         1d1       26%         3
 Hailstorm                Conj/Ice       0%         3d3       26%         3
 Vhi's Electric Charge    Tloc/Air       0%         N/A       26%         3
 Irradiate                Conj/Tmut      1%         3d12      83%         5
 Arcjolt                  Conj/Air       0%         1d10      90%         5
 Plasma Beam              Fire/Air       0%         2x1d10    100%        6


Dungeon Overview and Level Annotations

Branches:
Dungeon (7/15)             Temple (0/1) D:6

Altars:
Dithmenos
Nemelex Xobeh
Qazlal
Uskayaw
Yredelemnul

Shops:
D:1 ?   D:4 (


Innate Abilities, Weirdness & Mutations

You are a tree.
Your roots penetrate the ground, keeping you stationary.
You cannot be teleported.
You are immune to unholy pain and torment.
Your maximum health is greatly increased.
Your equipment is partially melded.
((You have sharp fingernails.))
((You are mostly covered in sharp spines.))
((When seriously injured, your blood forms armour. (AC +0)))


Message History

The phantom hits you but does no damage.
The water moccasin bites you.
* * * LOW HITPOINT WARNING * * *
You attack the metal wall.
You feel sick. The phantom hits you.
* * * LOW HITPOINT WARNING * * *
The water moccasin bites you but does no damage.
You swing at nothing.
You feel sick.
The water moccasin bites you but does no damage.
Something hits you.
* * * LOW HITPOINT WARNING * * *
The phantom hits you but does no damage.
You closely miss something.
You feel sick.
You are no longer poisoned.
The water moccasin bites you but does no damage.
The phantom hits you but does no damage.
A steam dragon comes into view.
The water moccasin bites you.
* * * LOW HITPOINT WARNING * * *
You are lethally poisoned!
The water moccasin poisons you!
You attack the metal wall.
* * * LOW HITPOINT WARNING * * *
You feel very sick.
The water moccasin bites you but does no damage.
Something hits you but does no damage.
The phantom hits you but does no damage.
Unknown command.
It was a potion of might.
You feel very mighty all of a sudden.
* * * LOW HITPOINT WARNING * * *
You feel very sick.
The water moccasin bites you but does no damage.
The phantom hits you but does no damage.
Something completely misses you.
You cannot move. (Use ctrl+direction or * direction to attack while stationary and confused.)
You attack the metal wall.
You feel less confused.
* * * LOW HITPOINT WARNING * * *
You feel sick. The water moccasin bites you.
You die...

# #. #. .#.## ##### #
#D# ##.#..######.... #.
#{# o.# #......#....
#.. #y{#S#
!#.....>#.... #..
#W♣##))#......#....
#...###([(##......#....
#......####.......'....
##...#......#...###....
##. ##.....##'## #####
# ##....#...# #
#....#...# # #....##..#
# ##..>.#..# #


You could see a steam dragon, a water moccasin, a phantom, a killer bee and an
orc.

Vanquished Creatures
  Pikel (D:5)
  Sigmund (D:5)
  2 steam dragons
  Edmund (D:5)
  A water moccasin (D:7)
  An ice beast (D:3)
  A black bear (D:5)
  An ogre (D:6)
  A lemure (D:5)
  2 phantoms
  A kobold brigand (D:7)
  A scorpion (D:6)
  3 bullfrogs
  2 jellies (D:4)
  4 hounds
  A sleepcap (D:6)
  An orc priest (D:5)
  Ijyb (D:6)
  Crazy Yiuf (D:5)
  4 iguanas
  An orc wizard (D:5)
  Robin (D:2)
  A gnoll (D:7)
  7 adders
  3 shadow imps
  3 white imps
  An ufetubus (D:6)
  2 worms
  5 dart slugs
  9 orcs
  4 bats
  3 endoplasms
  2 giant cockroaches (D:1)
  19 goblins
  6 hobgoblins
  15 jackals
  8 quokkas
  6 ball pythons
  4 frilled lizards
  6 kobolds
  4 rats
141 creatures vanquished.

Vanquished Creatures (others)
  A sky beast (D:7)
1 creature vanquished.

Grand Total: 142 creatures vanquished

Notes
Turn   | Place    | Note
-------+----------+-------------------------------------------
     0 | D:1      | innerfire43 the Demonspawn Shapeshifter began the quest for
                  | the Orb.
     0 | D:1      | Reached XP level 1. HP: 15/15 MP: 1/1
     0 | D:1      | Upgraded the game from 0.31-a0-496-g6f97920a28 to
                  | 0.31-a0-507-gbafd7f5274
    72 | D:1      | Reached skill level 3 in Shapeshifting
    72 | D:1      | Gained mutation: You are partially covered in sharp spines.
                  | [demonic ancestry]
    72 | D:1      | Reached XP level 2. HP: 16/21 MP: 2/2
   218 | D:1      | Reached XP level 3. HP: 26/26 MP: 3/3
   304 | D:1      | Found Onoqawk's Magic Scroll Emporium.
   860 | D:2      | Noticed Robin
   871 | D:2      | Killed Robin
   872 | D:2      | Reached XP level 4. HP: 20/32 MP: 4/4
  1017 | D:2      | Reached skill level 4 in Shapeshifting
  1679 | D:3      | Found a shadowy altar of Dithmenos.
  1707 | D:3      | Found a sparkling altar of Nemelex Xobeh.
  1797 | D:3      | Found a basalt altar of Yredelemnul.
  1797 | D:3      | Noticed an ice beast
  1797 | D:3      | Noticed a bullfrog
  1800 | D:3      | Found a stormy altar of Qazlal.
  1800 | D:3      | Found a hide-covered altar of Uskayaw.
  1800 | D:3      | Found a transporter.
  1895 | D:3      | Found a transporter.
  1950 | D:3      | Became a worshipper of Dithmenos the Shadowed
  2274 | D:3      | Reached XP level 5. HP: 31/37 MP: 5/5
  2343 | D:3      | HP: 2/55 [frozen (3)]
  2351 | D:3      | Reached skill level 1 in Stealth
  2353 | D:3      | Killed an ice beast
  2354 | D:3      | Reached skill level 5 in Shapeshifting
  2354 | D:3      | Gained mutation: You are mostly covered in sharp spines.
                  | [demonic ancestry]
  2354 | D:3      | Reached XP level 6. HP: 38/43 MP: 6/6
  2524 | D:4      | Found Zyerchael's Weapon Shop.
  3127 | D:4      | Reached XP level 7. HP: 46/48 MP: 7/7
  3197 | D:4      | Learned a level 2 spell: Wereblood
  3198 | D:5      | Entered Level 5 of the Dungeon
  3239 | D:5      | Noticed Pikel
  3240 | D:5      | Noticed Ijyb
  3241 | D:5      | Noticed Sigmund
  3254 | D:6      | Killed Ijyb
  3266 | D:5      | Killed Pikel
  3267 | D:5      | Reached skill level 6 in Shapeshifting
  3267 | D:5      | Gained mutation: You have sharp fingernails. [demonic
                  | ancestry]
  3267 | D:5      | Reached XP level 8. HP: 32/54 MP: 8/8
  3396 | D:5      | Killed Sigmund
  3397 | D:5      | Reached skill level 7 in Shapeshifting
  3510 | D:5      | Reached * piety under Dithmenos
  3571 | D:5      | Reached skill level 5 in Stealth
  3579 | D:5      | Noticed Edmund
  3589 | D:5      | Killed Edmund
  3923 | D:5      | Found a runed translucent door.
  3924 | D:5      | Noticed Crazy Yiuf
  3968 | D:5      | Killed Crazy Yiuf
  4205 | D:6      | Reached skill level 1 in Armour
  4258 | D:6      | Found a staircase to the Ecumenical Temple.
  4449 | D:6      | Reached skill level 1 in Transmutations
  4449 | D:6      | Gained mutation: When seriously injured, your blood forms
                  | armour. (AC +0) [demonic ancestry]
  4449 | D:6      | Reached XP level 9. HP: 49/61 MP: 10/10
  5344 | D:7      | Reached skill level 1 in Spellcasting
  5367 | D:7      | Reached ** piety under Dithmenos
  5380 | D:7      | HP: 3/91 [poisoned by a water moccasin]
  5380 | D:7      | Slain by a water moccasin

Illustrated notes

Levels and vault maps discovered:
D:1:      spicycebolla_green_bress_n_ham_2, layout_rooms, serial_shops, shop,
          minmay_misc_feat_hallway
D:2:      layout_basic, uniq_robin
D:3:      minmay_evil_eye, layout_basic,
          mainiacjoe_overflow_concentric_impassable, lemuel_tele_altar,
          gammafunk_temple_overflow_arena, nemelex_altar_shiori,
          kennysheep_generic_room_6
D:4:      layout_gridville, serial_shops, nicolae_shop_bloodbath_and_beyond,
          minmay_statues_item
D:5:      layout_rooms, uniq_ijyb, uniq_crazy_yiuf_cottage, uniq_edmund,
          uniq_sigmund, uniq_pikel
D:6:      wad_pebble_path, layout_basic, minmay_temple_entry_fiery
D:7:      layout_gridville, enter_bailey_2, minmay_alternating_orb,
          uniq_menkaure

Skill      XL: |  1  2  3  4  5  6  7  8  9 |
---------------+----------------------------+-----
Shapeshifting  | 3 4 5 6 7 |  7.9
Unarmed Combat | 3 |  3.7
Stealth        | 2 4 5 6 |  6.0
Armour         | 1 2 |  2.2
Transmutations | 1 |  1.6
Spellcasting   | 1 |  1.5
Fighting       | 2 |  2.3
Dodging        | |  1.7

Action                     |  1- 3 |  4- 6 |  7- 9 || total
---------------------------+-------+-------+-------++-------
  Melee: Unarmed           |    98 |   109 |   139 ||   346
         Punch             |     4 |       |       ||     4
    Use: Potion            |       |     5 |     3 ||     8
   Stab: Sleeping          |       |     1 |     1 ||     2
 Armour: Animal skin       |    14 |     1 |       ||    15
         Robe              |       |    26 |    37 ||    63
         Skin              |       |    50 |    37 ||    87
         Steam dragon scal |       |       |    15 ||    15
  Dodge: Dodged            |    56 |    51 |    92 ||   199
   Form: Flux              |       |     1 |       ||     1

Table legend: (Time is in decaauts)
 A = Elapsed time spent in this place.
 B = Non-inter-level travel time spent in this place.
 C = Inter-level travel time spent in this place.
 D = Time resting spent in this place.
 E = Time spent auto-exploring this place.
 F = Levels seen in this place.
 G = Mean time per level.
                   A        B        C        D        E       F      G
               +--------+--------+--------+--------+--------+-----+--------+
         Total |   5358 |   4742 |    616 |      0 |   3664 |   7 |  765.4 |
       Dungeon |   5358 |   4742 |    616 |      0 |   3664 |   7 |  765.4 |
               +--------+--------+--------+--------+--------+-----+--------+

Top non-repeatable levels by time:
     D:6: 1205 daAuts
     D:3: 977 daAuts
     D:2: 945 daAuts
     D:4: 745 daAuts
     D:5: 732 daAuts
     D:1: 515 daAuts
     D:7: 237 daAuts
